 Dungeon Crawl Stone Soup version 0.29-a0-422-gafbd6decc1 (webtiles) character file.

Game seed: 17389640262165169110

43124 Pelinal the Nimble (level 14, 0/85 HPs)
             Began as a Merfolk Ice Elementalist on May 18, 2022.
             Was a Priest of Ashenzari.
             Killed from afar by a fire dragon (59 damage)
             ... with a blast of flame
             ... on level 6 of the Lair of Beasts.
             The game lasted 00:46:23 (19795 turns).

Pelinal the Nimble (Merfolk Ice Elementalist)      Turns: 19795, Time: 00:46:24

Health: 0/85       AC: 17    Str: 10    XL:     14   Next: 22%
Magic:  17/20      EV: 25    Int: 21    God:    Ashenzari [***...]
Gold:   1032       SH:  8    Dex: 20    Spells: 12/21 levels left

rFire   . . .      SeeInvis +   D - +1 trident (venom)
rCold   . . .      Faith    .   C - +1 buckler of the Tethered Adversity {Elem, Fort} (curse)
rNeg    . . .      Spirit   .   J - +7 ring mail "Share My Shame" {Regen+, Evo, Elem} (curse)
rPois   +          Reflect  .   j - +2 hat "Share My Jealousy" {Int+3, Bglg, Cun} (curse)
rElec   .          Harm     .   s - scarf of the Astral Seer {repulsion, Elem, Self} (curse)
rCorr   .          Rampage  .   E - +0 pair of gloves
Will    +....      Clarity  +   (boots currently unavailable)
Stlth   +++++.....              X - amulet of the acrobat
HPRegen 1.04/turn               v - ring of poison resistance
MPRegen 0.17/turn               M - ring "Eternal With Me" {Dex+6, Fort, Cun} (curse)

@: repel missiles, very quick
A: nimble swimmer 2, mertail
a: Renounce Religion, Curse Item, Shatter the Chains


You were on level 6 of the Lair of Beasts.
You worshipped Ashenzari.
Ashenzari was most pleased with you.
You visited 3 branches of the dungeon, and saw 16 of its levels.
You also visited: Sewer and Ice Cave.

You collected 2215 gold pieces.
You spent 1183 gold pieces at shops.

Inventory:

Hand Weapons
 k - a +2 vampiric short sword
 D - a +1 trident of venom (weapon)
Missiles
 g - a throwing net
 G - 4 curare-tipped darts
 I - 36 poisoned darts (quivered)
Armour
 j - the cursed +2 hat "Share My Jealousy" (worn) {Int+3, Bglg, Cun}
   (You took it off Gastronok on level 1 of the Lair of Beasts)

   It has a curse which improves the following skills: Beguiling: Conjurations,
   Hexes and Translocations.
   Cunning:   Dodging and Stealth.
 s - the cursed scarf of the Astral Seer (worn) {repulsion, Elem, Self}
   (You bought it in a shop on level 9 of the Dungeon)

   It has a curse which improves the following skills: Elements: Fire Magic, Ice
   Magic, Air Magic and Earth Magic.
   Introspection: Fighting and Spellcasting.
 C - the cursed +1 buckler of the Tethered Adversity (worn) {Elem, Fort}
   (You found it on level 5 of the Dungeon)

   It has a curse which improves the following skills: Elements: Fire Magic, Ice
   Magic, Air Magic and Earth Magic.
   Fortitude: Armour and Shields.
 E - a +0 pair of gloves (worn)
 J - the cursed +7 ring mail "Share My Shame" (worn) {Regen+, Evo, Elem}
   (You bought it in a shop on level 2 of the Dungeon)

   Regen:     It increases your rate of health regeneration.
   It has a curse which improves the following skills: Evocations: Evocations.
   Elements:  Fire Magic, Ice Magic, Air Magic and Earth Magic.
Jewellery
 f - a +4 ring of protection
 v - a ring of poison resistance (left hand)
 w - a ring of positive energy
 y - an amulet of guardian spirit
 M - the cursed ring "Eternal With Me" (right hand) {Dex+6, Fort, Cun}
   (You found it on level 7 of the Dungeon)

   [ring of dexterity]

   Dex:       It affects your dexterity (+6).
   It has a curse which improves the following skills: Fortitude: Armour and
   Shields.
   Cunning:   Dodging and Stealth.
 W - a ring of willpower
 X - an amulet of the acrobat (around neck)
Wands
 d - a wand of polymorph (2)
 h - a wand of iceblast (14)
 m - a wand of digging (12)
 F - a wand of acid (7)
 O - a wand of charming (8)
 U - a wand of flame (2)
 V - a wand of paralysis (3)
Scrolls
 c - 3 scrolls of blinking
 e - 11 scrolls of teleportation
 o - 5 scrolls of magic mapping
 p - 4 scrolls of fog
 z - 5 scrolls of enchant weapon
 B - 5 scrolls of vulnerability
 H - 2 scrolls of silence
 L - 2 scrolls of summoning
 N - 2 scrolls of amnesia
 P - a scroll of brand weapon
 Q - a scroll of fear
Potions
 b - 3 potions of magic
 i - 6 potions of curing
 l - 3 potions of attraction
 n - a potion of resistance
 q - a potion of cancellation
 r - 4 potions of lignification
 t - 2 potions of might
 u - a potion of mutation
 x - 3 potions of heal wounds
 A - 3 potions of flight
 K - a potion of ambrosia
 R - a potion of brilliance
 T - 3 potions of invisibility
Miscellaneous
 a - a lightning rod (2/4)


   Skills:
 - Level 14.0 Polearms
 - Level 6.0 Throwing
 + Level 7.5(10.1) Armour
 + Level 14.7(17.0) Dodging
 - Level 9.0(11.4) Stealth
 + Level 7.5(10.0) Shields
 - Level 3.0(4.3) Spellcasting
 - Level 4.2 Transmutations
 - Level 9.0(12.2) Ice Magic
 - Level 7.2(8.8) Evocations


You had 12 spell levels left.
You knew the following spells:

 Your Spells              Type           Power      Damage    Failure   Level
a - Freeze                Ice            100%       1d11      1%          1
b - Frozen Ramparts       Ice            100%       1d12      1%          3
c - Ozocubu's Armour      Ice            54%        N/A       1%          3
z - Wereblood             Tmut           22%        N/A       8%          2

Your spell library contained the following spells:

 Spells                   Type           Power      Damage    Failure   Level
 Ensorcelled Hibernation  Hex/Ice        60%        N/A       3%          2
 Hailstorm                Conj/Ice       30%        3d8       22%         4
 Spider Form              Tmut/Pois      13%        N/A       36%         3
 Sublimation of Blood     Necr           4%         N/A       41%         2
 Stone Arrow              Conj/Erth      10%        3d7       61%         3
 Portal Projectile        Hex/Tloc       10%        N/A       63%         3
 Summon Guardian Golem    Hex/Summ       5%         N/A       63%         3
 Call Canine Familiar     Summ           4%         N/A       65%         3
 Petrify                  Tmut/Erth      14%        N/A       73%         4
 Anguish                  Hex/Necr       2%         N/A       95%         4
 Animate Armour           Summ/Erth      10%        N/A       95%         4
 Cause Fear               Hex            2%         N/A       95%         4
 Irradiate                Conj/Tmut      7%         3d15      97%         5
 Dragon Form              Tmut           11%        N/A       100%        7
 Summon Hydra             Summ           2%         N/A       100%        7
 Lehudib's Crystal Spear  Conj/Erth      2%         10d2      100%        8
 Dragon's Call            Summ           2%         N/A       100%        9


Dungeon Overview and Level Annotations

Branches:
Dungeon (9/15)             Temple (1/1) D:4            Lair (6/6) D:9
  Swamp (0/4) Lair:4       Spider (0/4) Lair:3        Slime (0/5) Lair:6
  Sewer (visited)           IceCv (visited)
    Orc: D:9-12

Altars:
Ashenzari
Cheibriados
Hepliaklqana
Kikubaaqudgha
Makhleb
Nemelex Xobeh
Okawaru
Ru
Sif Muna
Trog
Uskayaw
Yredelemnul
The Shining One

Shops:
D:2 [[   D:3 :   D:7 !   D:8 [   D:9 :[(

Annotations:
Lair:1 3 runed translucent doors, bande's ghost, journeyman GrFi
Lair:4 exclusion: door
Lair:5 2 transporters


Innate Abilities, Weirdness & Mutations

You are very nimble when in or above water. (Stealth+, EV+, Speed+++)
Your lower body shifts to a powerful aquatic tail in water.


Message History

You hit the komodo dragon.
The komodo dragon looks as sick as possible!
The komodo dragon is severely wounded.
You are engulfed in a cloud of scalding steam.
The fire dragon breathes flames at you. The blast of flame misses you.
The heat melts your icy armour.
You hit the komodo dragon but do no damage.
The komodo dragon looks as sick as possible!
The komodo dragon is almost dead.
You are engulfed in a cloud of scalding steam.
The komodo dragon misses you. The heat melts your icy armour.
Unknown command.
Aiming: Iceblast
Press: ? - help, Shift-Dir - straight line The mass of ice explodes!
The iceblast engulfs the komodo dragon!
You kill the komodo dragon!
The iceblast engulfs the plant!!
The plant begins to die.
The plant is lightly damaged.
The iceblast engulfs the acid dragon!
You kill the acid dragon!
The iceblast engulfs the plant!!
The plant begins to die.
The plant is lightly damaged.
You hear a deafening roar!
The fire dragon completely misses you. x2; The fire dragon tramples you.
You hold your ground!
Unknown command.
Casting: Ozocubu's Armour (safe; 1% risk of failure)
Confirm with . or Enter, or press ? or * to list all spells.
Aiming: Freeze (safe; 1% risk of failure)
Press: ? - help, Shift-Dir - straight line, f - fire dragon
Aim: a fire dragon (water, lightly wounded)
You freeze the fire dragon!
The fire dragon is frozen!
The fire dragon is moderately wounded.
The fire dragon breathes flames at you. The blast of flame hits you!!!
Your icy armour melts away.
Ouch! That really hurt!
You die...

* ♣♣♣♣♣♣♣♣♣♣ * * *♣...≈≈≈.≈♣♣♣
*, . .≈≈≈§≈≈≈...♣♣ *.## , ..
D≈DD§≈D)≈...♣#....#* #.. ≈≈≈
≈≈≈≈D§≈≈≈≈P.♣#.....##* .. ,
≈..§l§...≈≈≈♣#......###.. ≈ ≈
......♣≈♣≈≈≈♣#.........#.
..♣.♣♣♣♣♣D≈≈♣#.....?....# , .
♣♣♣♣♣♣@≈.P♣#........... , ,
♣♣♣..♣..≈♣♣#..........# ≈***
♣♣P.≈≈≈.P♣♣ #.....†....# ≈.
*♣♣.≈≈P..♣♣♣ #...........
P≈≈♣♣♣.≈≈....♣.♣ #...........
...≈≈≈.≈♣.♣♣♣..♣♣##.........[.
♣≈.≈†≈♣♣♣.....♣#)..........#
,♣≈.♣♣[.♣♣♣♣#............ ,
♣.†♣≈≈≈♣♣♣♣♣♣...P........#


You could see a fire dragon (catching breath).

Vanquished Creatures
  Gastronok (Lair:1)
  Harold (Lair:1)
  3 boulder beetles
  An ice dragon (IceCv)
  3 hydras
  A two-headed ogre (D:9)
  Urug (Lair:6)
  3 death yaks (Lair:5)
  Nergalle (Lair:1)
  2 fire crabs (Lair:4)
  Sonja (Lair:6)
  An oklob plant (Lair:4)
  7 elephants
  3 black mambas
  A gargoyle (D:9)
  6 cane toads
  5 rime drakes
  15 komodo dragons
  17 blink frogs
  5 wyverns
  6 basilisks
  40 yaks
  2 steam dragons
  A warg (Lair:6)
  5 acid dragons (Lair:6)
  22 water moccasins
  2 hell hounds (Lair:6)
  An orc warrior (D:7)
  A swamp drake (Lair:6)
  A sky beast (D:6)
  An ogre (D:5)
  14 black bears
  An ice beast (D:8)
  20 wolves
  2 centaurs
  3 phantoms
  19 bullfrogs
  3 kobold brigands (Sewer)
  Blork the orc (D:6)
  A necrophage (D:6)
  7 scorpions
  7 wights
  7 killer bees
  2 lindwurm simulacra (IceCv)
  An electric eel (Lair:3)
  2 howler monkeys
  3 komodo dragon simulacra (IceCv)
  7 jellies
  3 hounds
  A gnoll shaman (D:9)
  5 orc priests
  Ijyb (D:4)
  5 iguanas
  4 orc wizards
  A scorpion zombie (D:3)
  A howler monkey zombie (D:3)
  7 acid dragon simulacra (IceCv)
  4 gnolls (D:9)
  11 adders
  2 river rats (Sewer)
  A shadow imp (D:6)
  A white imp (D:7)
  9 steam dragon simulacra (IceCv)
  An adder zombie (D:3)
  2 worms
  3 dart slugs
  18 orcs
  3 bats (D:1)
  8 endoplasms
  11 giant cockroaches
  4 goblins
  A hobgoblin (D:2)
  3 jackals (Sewer)
  13 kobolds
  5 quokkas
  8 ball pythons
  6 frilled lizards
  A quokka zombie (D:3)
  7 rats
410 creatures vanquished.

Vanquished Creatures (others)
  An iguana (Lair:6)
  An orc wizard (D:8)
  70 fungi
  83 plants
155 creatures vanquished.

Grand Total: 565 creatures vanquished

Notes
Turn   | Place    | Note
-------+----------+-------------------------------------------
     0 | D:1      | Pelinal the Merfolk Ice Elementalist began the quest for
                  | the Orb.
     0 | D:1      | Reached XP level 1. HP: 13/13 MP: 3/3
   362 | D:1      | Reached XP level 2. HP: 18/19 MP: 1/5
  1079 | D:1      | Reached skill level 5 in Ice Magic
  1110 | D:1      | Reached XP level 3. HP: 24/24 MP: 3/6
  1314 | D:2      | You fall into a shaft and drop 1 floor!
  1567 | D:3      | Found Cykiept's Book Boutique.
  1672 | D:3      | Got Novomaxe's Guide on the Entrancing Entourage
  2000 | D:3      | Reached XP level 4. HP: 23/30 MP: 7/7
  2007 | D:3      | Learned a level 3 spell: Frozen Ramparts
  2011 | D:3      | Learned a level 3 spell: Ozocubu's Armour
  2174 | D:3      | Found a basalt altar of Yredelemnul.
  2336 | D:3      | Found a faded altar of an unknown god.
  2598 | D:2      | Found Siruevvi's Antique Armour Shop.
  2858 | D:2      | Found Zuttarch's Armour Shoppe.
  3325 | D:4      | Reached XP level 5. HP: 34/35 MP: 5/8
  3467 | D:4      | Noticed a phantom
  3557 | D:4      | Noticed a black bear
  3562 | D:4      | Found a staircase to the Ecumenical Temple.
  3572 | Temple   | Entered the Ecumenical Temple
  3702 | Temple   | Became a worshipper of Ashenzari the Shackled
  3797 | D:4      | Found an iron altar of Okawaru.
  4149 | D:4      | Noticed Ijyb
  4180 | D:5      | Entered Level 5 of the Dungeon
  4523 | D:5      | Noticed a black bear
  4531 | D:5      | Reached XP level 6. HP: 37/41 MP: 1/9
  4534 | D:5      | Killed a black bear
  4581 | D:5      | Noticed a black bear
  4637 | D:5      | Reached XP level 7. HP: 30/46 MP: 2/10
  4834 | D:4      | Killed Ijyb
  4992 | D:4      | Reached skill level 5 in Stealth
  5162 | D:5      | Noticed a yak
  5163 | D:5      | Noticed a yak
  5164 | D:5      | Noticed a yak
  5165 | D:5      | Noticed a yak
  5166 | D:5      | Noticed a yak
  5174 | D:5      | Killed a yak
  5175 | D:5      | Reached XP level 8. HP: 52/52 MP: 5/11
  5175 | D:5      | Killed a yak
  5176 | D:5      | Killed a yak
  5182 | D:5      | Killed a yak
  5187 | D:5      | Killed a yak
  5188 | D:5      | Reached skill level 1 in Polearms
  5188 | D:5      | Reached skill level 1 in Shields
  5393 | D:2      | Bought a runed helmet for 217 gold pieces
  5752 | D:5      | Reached XP level 9. HP: 41/57 MP: 5/12
  5891 | D:5      | Reached skill level 5 in Dodging
  6019 | D:5      | Learned a level 2 spell: Wereblood
  6082 | D:6      | Found a hide-covered altar of Uskayaw.
  6086 | D:6      | Reached * piety under Ashenzari
  6086 | D:6      | Identified a scroll of acquirement
  6087 | D:6      | Acquired 798 gold pieces
  6116 | D:6      | Found a glowing drain.
  6129 | Sewer    | Entered a sewer
  7264 | D:2      | Bought the +7 ring mail of Marbles {Regen+} for 598 gold
                  | pieces
  7417 | D:6      | Noticed Blork the orc
  7438 | D:6      | Killed Blork the orc
  7439 | D:6      | Reached skill level 5 in Polearms
  7999 | D:7      | Found a shimmering blue altar of Sif Muna.
  8087 | D:7      | Reached XP level 10. HP: 63/63 MP: 8/14
  8405 | D:7      | Found Regan's Distillery.
  8666 | D:7      | Found a burning altar of Makhleb.
  8837 | D:8      | Found a sacrificial altar of Ru.
  8918 | D:8      | Found Nipaex's Antique Armour Shoppe.
  9666 | D:8      | Reached skill level 1 in Throwing
  9830 | D:8      | Found an ancient bone altar of Kikubaaqudgha.
 10054 | D:9      | Found Yruntoix's Book Shoppe.
 10068 | D:9      | Noticed a two-headed ogre
 10097 | D:9      | Reached skill level 5 in Throwing
 10126 | D:9      | Noticed a gargoyle
 10149 | D:9      | Reached skill level 1 in Armour
 10161 | D:9      | Killed a two-headed ogre
 10162 | D:9      | Reached XP level 11. HP: 45/68 MP: 2/15
 10369 | D:9      | Found Gyohinee's Antique Armour Shoppe.
 10376 | D:9      | Bought an embroidered scarf for 184 gold pieces
 10376 | D:9      | Bought a runed scarf for 184 gold pieces
 10826 | D:9      | Found a staircase to the Lair.
 10950 | D:9      | Found Atzao's Antique Weapon Shop.
 11475 | Lair:1   | Entered Level 1 of the Lair of Beasts
 11501 | Lair:1   | Reached skill level 10 in Polearms
 11715 | Lair:1   | Noticed Gastronok
 11748 | Lair:1   | Killed Gastronok
 11749 | Lair:1   | Reached skill level 10 in Dodging
 11859 | Lair:1   | Found a runed translucent gate.
 11859 | Lair:1   | Found a runed translucent gate.
 11859 | Lair:1   | Found a runed translucent gate.
 12153 | Lair:1   | Noticed Harold
 12171 | Lair:1   | Killed Harold
 12256 | Lair:1   | Reached ** piety under Ashenzari
 12306 | Lair:1   | Noticed Nergalle
 12324 | Lair:1   | Killed Nergalle
 12325 | Lair:1   | Reached XP level 12. HP: 53/74 MP: 15/18
 12632 | Lair:1   | Noticed bande's ghost (journeyman GrFi)
 12632 | Lair:1   | Identified the ring of Aproupp {Fire Int+2}
 12638 | Lair:1   | Identified the +2 hat "Fuwk" {Regen+}
 12837 | Lair:2   | Found a sparkling altar of Nemelex Xobeh.
 12988 | Lair:2   | Noticed a boulder beetle
 13006 | Lair:2   | Killed a boulder beetle
 14048 | Lair:3   | Reached skill level 5 in Armour
 14326 | Lair:3   | Noticed a boulder beetle
 14383 | Lair:3   | Killed a boulder beetle
 14832 | Lair:3   | Found a hole to the Spider Nest.
 15340 | Lair:4   | Identified the +1 scimitar of Lomuyto {pain, Int+4}
 15355 | Lair:4   | Reached skill level 1 in Evocations
 15383 | Lair:4   | Reached XP level 13. HP: 79/79 MP: 12/19
 15524 | Lair:4   | Found a staircase to the Swamp.
 15553 | Lair:4   | Found a runed translucent door.
 16160 | Lair:4   | Reached skill level 5 in Evocations
 17225 | Lair:5   | Reached skill level 5 in Shields
 17475 | Lair:5   | Found a transporter.
 17509 | Lair:5   | Found a transporter.
 17562 | Lair:5   | Reached *** piety under Ashenzari
 17960 | Lair:6   | Entered Level 6 of the Lair of Beasts
 17976 | Lair:6   | Found a staircase to the Slime Pits.
 18158 | Lair:6   | Found a frozen archway.
 18168 | IceCv    | Entered an ice cave
 18664 | IceCv    | Noticed an ice dragon
 18797 | IceCv    | Killed an ice dragon
 19202 | Lair:6   | Reached XP level 14. HP: 83/85 MP: 17/20
 19362 | Lair:6   | Noticed Urug
 19370 | Lair:6   | Killed Urug
 19754 | Lair:6   | Noticed Sonja
 19761 | Lair:6   | Killed Sonja
 19795 | Lair:6   | Killed from afar by a fire dragon

Illustrated notes

Levels and vault maps discovered:
D:1:      dpeg_arrival_signposts, layout_loops_cross,
          hangedman_abyss_or_decor_lesser_grid, grunt_decor_clamped
D:2:      layout_rooms, serial_shops, shop_statue, shop, minivault_5
D:3:      layout_loops_corners, nicolae_yredelemnul_corpse_copse, serial_rivers,
          chequers_serial_rivers_room_a, chequers_serial_rivers_micro_a,
          chequers_serial_rivers_small_b, chequers_serial_rivers_large_a,
          chequers_serial_rivers_micro_d, chequers_serial_rivers_micro_e,
          serial_shops, nicolae_shop_temple_entry_statues_fountains,
          hellmonk_ecumenical_altar_heavens_door, grunt_decor_fettered
D:4:      layout_rooms, okawaru_metal_pillars_1_2, minmay_temple_entry_waves,
          uniq_ijyb
D:5:      layout_loops_ring, lightli_ossuary_entry_decrepit_ruins
D:6:      layout_basic, nicolae_uskayaw_suspiria, portal_sewer_entry_c,
          uniq_blork_the_orc
D:7:      layout_basic, mainiacjoe_overflow_catwalk_spiral, serial_shops,
          nicolae_shop_behind_doors
D:8:      layout_basic, nicolae_overflow_hidden_temple,
          nicolae_ru_great_annihilating_truth, serial_shops,
          nicolae_shop_window_shopping, dk_rats_in_the_wall
D:9:      layout_grid_maze, due_lair_maze_entry_diamond, serial_shops, shop,
          shop, shop
Temple:   minmay_temple_curvy_branch
Lair:1:   layout_roguey, gammafunk_ghost_icy, beast_lair_carwin_4,
          uniq_nergalle, uniq_gastronok, uniq_harold
Lair:2:   layout_regular_city, basic_altar, beast_lair_carwin_5
Lair:3:   layout_cave_pods, nicolae_spider_entry_non_spiders,
          wad_woods_river_01, infiniplex_staircase_pool_2
Lair:4:   gammafunk_mikee_crab_dinner, layout_layer_cave, swamp_mist,
          hangedman_lair_generics_rect
Lair:5:   gammafunk_cloud_chamber, layout_regular_city
Lair:6:   guppyfry_lair_end_dragon, layout_cave_pods,
          hangedman_lair_caniforms_friends, minmay_slime_entry_pillars,
          portal_ice_cave_entry_pillars_1, nicolae_lair_grove_arrangements,
          chequers_serial_rivers_room_b, uniq_sonja, uniq_urug

Skill      XL: |  1  2  3  4  5  6  7  8  9 10 11 12 13 14 |
---------------+-------------------------------------------+-----
Dodging        | 3 4 6 8 10 12 14 | 14.7
Ice Magic      | 5 6 7 8 9 |  9.0
Stealth        | 6 9 |  9.0
Polearms       | 3 5 8 12 14 | 14.0
Shields        | 2 4 6 7 |  7.5
Transmutations | 4 |  4.2
Spellcasting   | 3 |  3.0
Throwing       | 6 |  6.0
Armour         | 1 4 6 7 |  7.5
Evocations     | 1 7 |  7.2

Action                   |  1- 3 |  4- 6 |  7- 9 | 10-12 | 13-15 || total
-------------------------+-------+-------+-------+-------+-------++-------
Melee: Dagger            |    12 |       |       |       |       ||    12
       Short sword       |    17 |    93 |   243 |    16 |       ||   369
       Punch             |       |     1 |       |       |       ||     1
       Tailslap          |       |       |     5 |    42 |    27 ||    74
       Trident           |       |       |       |   892 |   631 ||  1523
Throw: Stone             |    38 |       |       |       |       ||    38
       Dart              |       |       |       |    18 |       ||    18
       Throwing net      |       |       |       |     1 |       ||     1
 Cast: Freeze            |    36 |    24 |     2 |     3 |    29 ||    94
       Frozen Ramparts   |       |     5 |    21 |    45 |    28 ||    99
       Ozocubu's Armour  |       |     1 |    20 |    39 |    35 ||    95
       Wereblood         |       |       |       |       |     2 ||     2
Invok: Curse Item        |       |       |     2 |     3 |     1 ||     6
       Shatter the Chain |       |       |     1 |       |       ||     1
Evoke: Wand              |       |     1 |       |     1 |    11 ||    13
       Lightning rod     |       |       |       |       |     6 ||     6
  Use: Scroll            |       |       |     8 |       |     1 ||     9
       Potion            |       |       |       |     5 |     2 ||     7
 Stab: Sleeping          |     2 |     5 |    12 |    15 |     6 ||    40
       Invisible         |       |       |       |    10 |       ||    10
       Distracted        |       |       |       |     4 |     2 ||     6
       Paralysed         |       |       |       |     1 |     2 ||     3
       Held in net/web   |       |       |       |     5 |       ||     5
Armor: Robe              |    16 |    34 |       |       |       ||    50
       Leather armour    |       |       |    74 |       |       ||    74
       Ring mail         |       |       |    30 |   209 |   138 ||   377
Dodge: Dodged            |    37 |    61 |   131 |   464 |   349 ||  1042
       Repelled          |       |       |       |     1 |    13 ||    14
Block: Buckler           |       |     7 |    49 |   254 |   173 ||   483

Table legend: (Time is in decaauts)
 A = Elapsed time spent in this place.
 B = Non-inter-level travel time spent in this place.
 C = Inter-level travel time spent in this place.
 D = Time resting spent in this place.
 E = Time spent auto-exploring this place.
 F = Levels seen in this place.
 G = Mean time per level.
                   A        B        C        D        E       F      G
               +--------+--------+--------+--------+--------+-----+--------+
         Total |  19236 |  18270 |    966 |   1267 |  12061 |  18 | 1068.7 |
       Dungeon |  10491 |   9679 |    812 |    558 |   7070 |   9 | 1165.7 |
        Temple |    152 |     91 |     61 |      0 |     90 |   1 |  152.0 |
          Lair |   7058 |   6966 |     92 |    556 |   4421 |   6 | 1176.3 |
         Sewer |    730 |    730 |      0 |     33 |    438 |   1 |  730.0 |
      Ice Cave |    802 |    802 |      0 |    120 |     41 |   1 |  802.0 |
               +--------+--------+--------+--------+--------+-----+--------+

Top non-repeatable levels by time:
  Lair:3: 1509 daAuts
     D:5: 1493 daAuts
  Lair:4: 1481 daAuts
     D:9: 1403 daAuts
     D:3: 1350 daAuts
     D:8: 1338 daAuts
     D:1: 1313 daAuts
     D:4: 1234 daAuts
  Lair:1: 1155 daAuts
  Lair:5: 1086 daAuts
  Lair:2: 949 daAuts
  Lair:6: 877 daAuts
     D:6: 823 daAuts
   IceCv: 802 daAuts
     D:7: 796 daAuts
